AoeStats
← TUE

Arabia

503278955Analyzed
2v2 RM · 1mo ago on Aug 30, 2026· 31m 28s· 4 players
Game mode
Random Map
Map size
Medium (4 player)
Population
200
Speed
Normal
Resources
Standard
Victory
Conquest
Starting age
Dark Age
Ending age
Imperial Age
RankedLock teamsTeams togetherTeam positionsShared explorationLock speedFull tech treeHidden civsTurbo modeCheats
Victory
Defeat
🇧🇷 Franks · Brazil
882
+14
🇧🇷 Maya · Brazil
790
+18
🇵🇹 Tupi · Portugal
887
-18
🇵🇹 Wei · Portugal
770
-13
BlueDragon_Tuga
7:04 Loom
10:15 Feudal Age
10:44 Double-Bit Axe
13:08 Stone Mining
15:30 Horse Collar
18:36 Wheelbarrow
22:36 Castle Age
21:00 Fletching
21:10 Padded Archer Armor
22:18 Gold Mining
23:39 Bow Saw
23:32 Heavy Plow
23:53 Leather Archer Armor
23:33 Bodkin Arrow
24:39 Town Watch
26:12 Gold Shaft Mining
26:28 Scale Mail Armor
28:23 Ballistics
Sir KuBo PC
0:45 Loom
13:33 Feudal Age
13:46 Man-at-Arms
14:11 Arson
15:06 Wheelbarrow
14:19 Double-Bit Axe
20:08 Fletching
23:51 Gold Mining
24:40 Horse Collar
25:17 Stone Mining
28:54 Castle Age
28:35 Bloodlines
29:57 Bow Saw
29:17 Crossbowman
Haruxo
0:35 Loom
2:21 Loom
10:31 Feudal Age
19:12 Castle Age
18:51 Fletching
19:50 Crossbowman
20:35 Thumb Ring
23:04 Bodkin Arrow
23:09 Padded Archer Armor
23:06 Double-Bit Axe
24:08 Wheelbarrow
26:16 Bow Saw
31:04 Hand Cart
30:38 Town Watch
TUE
10:25 Feudal Age
11:12 Gold Mining
13:00 Loom
20:41 Castle Age
21:01 Scale Barding Armor
21:07 Forging
25:33 Wheelbarrow
25:40 Gold Shaft Mining
26:25 Chain Barding Armor
27:56 Hand Cart
29:15 Iron Casting
Connection lost

Rejoining the realm…

Still unreachable

The connection could not be restored.

Session expired

The server has moved on; the page needs a fresh start.